AoeStats
← Goku_San

Arena

509607533Analyzed
4v4 RM · 5d ago on Sep 27, 2026· 37m 55s· 8 players
Game mode
Random Map
Map size
Large (8 player)
Population
200
Speed
Normal
Resources
Standard
Victory
Conquest
Starting age
Dark Age
Ending age
Imperial Age
RankedLock teamsTeams togetherTeam positionsShared explorationLock speedFull tech treeHidden civsTurbo modeCheats
Victory
Defeat
🇬🇧 Varangians · United Kingdom
1276
+14
🇮🇱 Franks · Israel
1271
+15
🇨🇳 Danes · China
1267
+15
🇺🇸 Italians · United States
1199
+17
🇨🇳 Hindustanis · China
1262
-16
🇦🇷 Khmer · Argentina
1251
-16
🇫🇷 Poles · France
1238
-15
🇦🇹 Chinese · Austria
1198
-14
3blue
0:26 Loom
10:58 Feudal Age
15:00 Castle Age
13:03 Double-Bit Axe
14:12 Horse Collar
17:16 Wheelbarrow
17:04 Bow Saw
17:31 Fervor
21:42 Stone Mining
23:11 Heavy Plow
24:36 Fletching
26:09 Bodkin Arrow
32:03 Hand Cart
32:41 Murder Holes
33:08 Ballistics
37:00 Imperial Age
34:54 Gold Mining
36:04 Padded Archer Armor
37:10 Leather Archer Armor
37:44 Bracer
[Tps] RamsasII
10:12 Feudal Age
12:06 Double-Bit Axe
12:02 Horse Collar
13:20 Wheelbarrow
17:23 Castle Age
17:26 Loom
18:27 Bow Saw
18:18 Heavy Plow
18:46 Hand Cart
19:14 Loom
21:46 Gold Mining
25:51 Gold Shaft Mining
28:18 Imperial Age
25:35 Town Watch
27:35 Ballistics
27:53 Stone Mining
28:11 Scale Barding Armor
28:18 Forging
29:37 Crop Rotation
29:44 Stone Shaft Mining
29:33 Heavy Scorpion
32:42 Chemistry
33:47 Conscription
34:19 Murder Holes
36:08 Fletching
36:42 Chain Barding Armor
37:30 Bloodlines
37:21 Padded Archer Armor
37:59 Iron Casting
36:48 Light Cavalry
37:28 Husbandry
cbernard343
11:17 Feudal Age
11:52 Double-Bit Axe
15:59 Castle Age
14:25 Stone Mining
14:48 Loom
15:32 Horse Collar
17:56 Bow Saw
17:57 Scale Barding Armor
18:42 Husbandry
20:35 Szlachta Privileges
22:02 Bloodlines
25:41 Gold Mining
26:40 Chain Barding Armor
32:01 Imperial Age
32:19 Fletching
33:35 Wheelbarrow
33:47 Bodkin Arrow
33:42 Cavalier
37:46 Conscription
37:32 Squires
36:54 Pikeman
37:21 Arson
38:09 Hand Cart
野蛮农民
10:32 Feudal Age
12:19 Double-Bit Axe
14:45 Castle Age
13:19 Horse Collar
18:48 Bow Saw
19:16 Fervor
21:23 Wheelbarrow
23:05 Heavy Plow
24:35 Gold Mining
24:35 Stone Mining
28:58 Imperial Age
26:17 Loom
27:28 Scale Barding Armor
27:34 Forging
28:03 Gold Shaft Mining
27:16 Town Watch
28:31 Hand Cart
28:38 Bloodlines
28:28 Husbandry
28:51 Chain Barding Armor
29:10 Stone Shaft Mining
29:45 Iron Casting
29:09 Murder Holes
29:04 Heavy Camel Rider
31:21 Chemistry
30:24 Grand Trunk Road
30:48 Ballistics
30:51 Conscription
31:48 Plate Barding Armor
32:11 Imperial Camel Rider
34:15 Blast Furnace
35:45 Padded Archer Armor
36:46 Leather Archer Armor
36:35 Imperial Camel Rider
ALAW
10:13 Feudal Age
11:43 Double-Bit Axe
14:25 Castle Age
12:40 Horse Collar
15:32 Bow Saw
19:52 Fervor
21:36 Heavy Plow
23:03 Wheelbarrow
22:14 Loom
22:52 Stone Mining
24:11 Stone Shaft Mining
24:31 Hand Cart
29:08 Imperial Age
27:12 Forging
27:03 Scale Mail Armor
26:57 Treadmill Crane
27:42 Masonry
27:55 Squires
27:41 Arson
28:37 Iron Casting
28:12 Scale Barding Armor
28:30 Ballistics
28:25 Gold Mining
28:55 Chain Mail Armor
28:36 Town Watch
29:08 Heated Shot
29:49 Town Patrol
29:53 Elite Varangian Guard
31:21 Plate Mail Armor
32:01 Blast Furnace
30:49 Gothikon
32:30 Chain Barding Armor
33:09 Gambesons
33:50 Conscription
34:39 Plate Barding Armor
34:11 Siege Engineers
33:53 Capped Ram
35:30 Siege Ram
36:50 Guilds
37:51 Two-Man Saw
37:34 Crop Rotation
sbr
0:30 Loom
11:53 Feudal Age
15:59 Castle Age
13:56 Double-Bit Axe
13:54 Horse Collar
14:05 Stone Mining
14:11 Gold Mining
14:18 Stone Mining
17:54 Bow Saw
22:13 Padded Archer Armor
22:28 Fletching
24:46 Wheelbarrow
28:00 Bodkin Arrow
28:55 Leather Archer Armor
31:08 Hand Cart
30:39 Town Watch
31:38 Stone Shaft Mining
34:48 Imperial Age
33:48 Forging
33:43 Scale Barding Armor
35:19 Bloodlines
35:09 Husbandry
34:29 Light Cavalry
36:00 Bracer
36:51 Ring Archer Armor
36:42 Chain Barding Armor
36:57 Iron Casting
38:09 Two-Man Saw
38:54 Chemistry
37:50 Hussar
Goku_San
7:20 Loom
9:24 Feudal Age
10:20 Double-Bit Axe
14:31 Castle Age
24:03 Wheelbarrow
23:45 Bow Saw
25:12 Hand Cart
25:34 Gold Mining
25:35 Stone Mining
29:51 Imperial Age
29:15 Scale Barding Armor
29:21 Forging
29:43 Fletching
30:22 Husbandry
30:46 Chain Barding Armor
30:41 Chivalry
31:02 Conscription
31:25 Gold Shaft Mining
30:18 Cavalier
32:43 Chemistry
32:42 Plate Barding Armor
32:00 Town Watch
32:13 Paladin
34:52 Siege Engineers
35:37 Iron Casting
37:23 Blast Furnace
Noroad
11:47 Feudal Age
13:17 Double-Bit Axe
13:15 Horse Collar
15:52 Castle Age
14:25 Loom
15:05 Forging
14:42 Arson
16:00 Gold Mining
17:01 Gold Mining
20:45 Scale Mail Armor
22:28 Squires
22:13 Gambesons
26:12 Bow Saw
26:40 Wheelbarrow
26:44 Chain Mail Armor
33:35 Sanctity
33:49 Heavy Plow
35:34 Iron Casting
36:38 Hand Cart
36:08 Town Watch
40:34 Imperial Age
Connection lost

Rejoining the realm…

Still unreachable

The connection could not be restored.

Session expired

The server has moved on; the page needs a fresh start.